 Dungeon Crawl Stone Soup version 0.25.1-1-g288607f5aa (webtiles) character file.

Game seed: 13336209603671204205

575 H0rd4k the Insei (level 7, -4/44 HPs)
             Began as an Octopode Transmuter on July 22, 2020.
             Slain by a gnoll
             ... wielding a +0 club
              (9 damage)
             ... on level 5 of the Dungeon.
             The game lasted 00:04:53 (4827 turns).

H0rd4k the Insei (Octopode Transmuter)              Turns: 4827, Time: 00:04:54

Health: -4/44      AC:  1    Str:  9    XL:     7   Next: 35%
Magic:  12/12      EV: 14    Int: 18    God:
Gold:   154        SH:  0    Dex: 12    Spells: 7/13 levels left

rFire    . . .     SeeInvis .     - Unarmed
rCold    . . .     Gourm    .   (no shield)
rNeg     . . .     Faith    .   (helmet restricted)
rPois    .         Spirit   .   (no amulet)
rElec    .         Reflect  .   o - ring of stealth
rCorr    .         Harm     .   (no ring)
MR       .....                  (no ring)
Stlth    ++++......             (no ring)
HPRegen  0.14/turn              (no ring)
MPRegen  0.13/turn              (no ring)
                                (no ring)
                                (no ring)

@: no status effects
A: almost no armour, stealthy swim, amphibious, 8 rings, constrict 8, camouflage
1, gelatinous body 1
a: no special abilities


You were on level 5 of the Dungeon.
You were not hungry.

You visited 1 branch of the dungeon, and saw 5 of its levels.

You collected 154 gold pieces.

Inventory:

Missiles
 a - 55 arrows
 j - 21 poisoned darts (quivered)
Jewellery
 o - a ring of stealth (left tentacle)
Wands
 r - a wand of enslavement (2)
Scrolls
 b - a scroll of enchant armour {unknown}
 d - a scroll of enchant weapon {unknown}
 e - 2 scrolls of remove curse {unknown}
 f - a scroll of random uselessness {unknown}
 g - 2 scrolls of noise {unknown}
 h - 6 scrolls of identify {unknown}
 i - a scroll of fog {unknown}
 m - 2 scrolls of teleportation {unknown}
 q - a scroll of magic mapping {unknown}
 u - a scroll of blinking {unknown}
 w - a scroll of fear {unknown}
Potions
 k - a potion of heal wounds {unknown}
 l - 3 potions of curing {unknown}
 n - a potion of invisibility {unknown}
 p - a potion of stabbing {unknown}
 s - 2 potions of might {unknown}
 t - 2 potions of flight {unknown}
Comestibles
 c - 5 rations


   Skills:
 + Level 1.8 Fighting
 + Level 3.2 Dodging
 + Level 3.8 Stealth
 + Level 5.1 Unarmed Combat
 * Level 3.5 Spellcasting
 * Level 3.6 Transmutations
 + Level 0.9 Evocations


You had 7 spell levels left.
You knew the following spells:

 Your Spells              Type           Power        Failure   Level  Hunger
a - Beastly Appendage     Tmut           ###...       3%          1    None
b - Sticks to Snakes      Tmut           ###.....     5%          2    ##.....
c - Spider Form           Tmut/Pois      #.........   22%         3    ###....

Your spell library contained the following spells:

 Spells                   Type           Power        Failure   Level  Hunger
 Ice Form                 Ice/Tmut       #.......     58%         4    ####...
 Blade Hands              Tmut           ###.......   67%         5    ######.


Dungeon Overview and Level Annotations

Branches:
Dungeon (5/15)
 Temple: D:4-7

Altars:
Xom

Annotations:
D:3 exclusion: downstairs
D:5 exclusion: ice beast


Innate Abilities, Weirdness & Mutations

You cannot wear most types of armour.
You are very stealthy in the water. (Stealth+)
You are amphibious.
You can wear up to eight rings at the same time.
You can use your tentacles to constrict eight enemies at once.
Your skin changes colour to match your surroundings (Stealth+).
Your rubbery body absorbs attacks. (AC +1, EV +1)


Message History

You grab the gnoll. You squeeze the gnoll.
The gnoll is lightly wounded.
You constrict the gnoll. The gnoll hits you with a +0 club.
You tentacle-slap the gnoll but do no damage.
The gnoll is moderately wounded.
You constrict the gnoll. The gnoll barely misses you.
You tentacle-slap the gnoll.
You tentacle-slap the gnoll, but do no damage.
The gnoll is heavily wounded.
You constrict the gnoll, but do no damage.
The gnoll hits you with a +0 club!
* * * LOW HITPOINT WARNING * * *
You tentacle-slap the gnoll.
The gnoll is severely wounded.
You constrict the gnoll. The gnoll hits you with a +0 club!
* * * LOW HITPOINT WARNING * * *
You tentacle-slap the gnoll.
The gnoll is severely wounded.
You constrict the gnoll. The gnoll hits you with a +0 club!
You die...

........# ...##..##
#..##...####
#..##...#..##
...#......>.#
...+........# ###
..<###+##†..# #.###
#..##..##..#####...#
#..##..##..##..#@g.#
..).#..+....†......#
.......#...........#
#..#.<###########..#
####### ###


You could see a gnoll.

Vanquished Creatures
  A centaur (D:5)
  A bullfrog (D:3)
  A scorpion (D:5)
  A bullfrog zombie (D:5)
  An orc priest (D:4)
  2 orc wizards
  An iguana (D:4)
  A worker ant (D:5)
  Robin (D:3)
  5 adders
  6 gnolls
  An adder skeleton (D:4)
  A worm (D:2)
  4 leopard geckos
  11 orcs
  A ball python (D:3)
  9 bats
  3 giant cockroaches
  15 goblins
  7 hobgoblins
  5 jackals
  3 kobolds (D:2)
  A quokka (D:3)
  6 frilled lizards
  3 rats
91 creatures vanquished.

Vanquished Creatures (collateral kills)
  3 goblins (D:3)
  A jackal (D:4)
4 creatures vanquished.

Vanquished Creatures (others)
  A gnoll shaman (D:4)
1 creature vanquished.

Grand Total: 96 creatures vanquished

Notes
Turn   | Place    | Note
-------+----------+-------------------------------------------
     0 | D:1      | H0rd4k the Octopode Transmuter began the quest for the Orb.
     0 | D:1      | Reached XP level 1. HP: 13/13 MP: 3/3
   240 | D:1      | Reached XP level 2. HP: 10/18 MP: 5/5
  1082 | D:2      | Reached XP level 3. HP: 23/23 MP: 6/6
  1086 | D:2      | Learned a level 2 spell: Sticks to Snakes
  1090 | D:2      | Learned a level 3 spell: Spider Form
  1376 | D:2      | Reached skill level 1 in Stealth
  1849 | D:3      | Reached XP level 4. HP: 23/28 MP: 5/7
  2141 | D:3      | Noticed a bullfrog
  2149 | D:3      | Killed a bullfrog
  2149 | D:3      | Reached skill level 4 in Unarmed Combat
  2149 | D:3      | Reached XP level 5. HP: 12/33 MP: 6/8
  2729 | D:3      | Noticed Robin
  2892 | D:3      | Killed Robin
  2996 | D:3      | Found a shimmering altar of Xom.
  3399 | D:4      | Reached XP level 6. HP: 32/38 MP: 8/10
  4616 | D:5      | Entered Level 5 of the Dungeon
  4622 | D:5      | Reached XP level 7. HP: 37/44 MP: 9/12
  4693 | D:5      | Reached skill level 5 in Unarmed Combat
  4827 | D:5      | Slain by a gnoll

Illustrated notes

Levels and vault maps discovered:
D:1:      zaba_arrival_water, layout_rooms, serial_corexii_hall,
          corexii_hall_statues_t, corexii_hall_statues_t,
          minmay_misc_feat_enclosed
D:2:      layout_basic
D:3:      layout_basic, tgw_xom, uniq_robin
D:4:      layout_loops_corners
D:5:      layout_gridville, first_ration

Skill      XL: |  1  2  3  4  5  6  7 |
---------------+----------------------+-----
Stealth        | 1 2 3 |  3.8
Unarmed Combat | 4 5 |  5.1
Transmutations | 3 |  3.6
Spellcasting   | 3 |  3.5
Dodging        | 3 |  3.2
Fighting       | |  1.8
Evocations     | |  0.9

Action                   |  1- 3 |  4- 6 |  7- 9 || total
-------------------------+-------+-------+-------++-------
Melee: Unarmed           |    83 |   124 |    20 ||   227
       Constrict         |    21 |    37 |     6 ||    64
       Tentacles         |     7 |    23 |     5 ||    35
       Kick              |     4 |    29 |     4 ||    37
       Punch             |     2 |     1 |     3 ||     6
 Cast: Beastly Appendage |     3 |    21 |     2 ||    26
Evoke: Wand              |       |     9 |       ||     9
 Stab: Sleeping          |     5 |     6 |     2 ||    13
       Distracted        |       |     1 |       ||     1
  Eat: Chunk             |     3 |     9 |       ||    12
Armor: Skin              |    17 |    11 |       ||    28
Dodge: Dodged            |    62 |   119 |    10 ||   191
